cohdb
Replays
Latest Replays
All Replays
Popular Replays
Top Player Replays
Match Explorer
How It Works
Community
CoH3 Stats
Reddit
Sign in to upload your games and track your stats! →
Sign in with Steam
Match 40648807
Unlisted
Match 40648807
Overview
Messages
Build Orders
End
Construct Barracks
Selects Special Operations Battlegroup
Riflemen Squad
Riflemen Squad
Riflemen Squad
Construct Weapon Support Center
Bazooka Squad
Selects Raiding Flares
Infantry Support Center
M3 Armored Personnel Carrier
Construct Medical Station
Sniper
Selects SSF Commando Squad
Engineer Squad
M1918 Browning Automatic Rifles
Advanced Logistics
SSF Commando Squad
Grenade Package
707
natynate
Spriggan
BooralKing
萨卡班甲鱼
湾仔领导
RECACE
光光朱
0
0
Comments
sign in to comment!
No comments posted yet!